[Event "Titled Tuesday Blitz August 16 Early 2022"]
[White "Broca Jimenez, Fernando"]
[Black "Postnikov, Daniil"]
[WhiteFideId "5104742"]
[BlackFideId "4166329"]
[WhiteElo "2062"]
[BlackElo "2261"]
[Result "0-1"]
[Round "10"]
[TimeControl "180+2"]
[Date "2022.08.18"]
[WhiteClock "0:00:00"]
[BlackClock "0:00:00"]

1. e4 e6 2. d4 d5 3. exd5 exd5 4. Nf3 Nf6 5. Bd3 c5 6. c3 Nc6 7. Bg5 Be7 8. O-O O-O 9. h3 c4 10. Bc2 Ne4 11. Bxe7 Nxe7 12. Nbd2 f5 13. Ne5 Ng6 14. Nxg6 hxg6 15. Nf3 f4 16. Ne5 Bf5 17. Bxe4 dxe4 18. Nxc4 f3 19. Ne3 Qh4 20. g4 Qxh3 21. Qb3+ Kh7 22. Qd5 Rad8 23. Qe5 Bxg4 24. Qh2 Kg8 25. Qxh3 Bxh3 26. Rfe1 Rf4 27. Kh2 Be6 28. Kg3 g5 29. b3 Kf7 30. Rad1 Rh8 31. Rh1 Rfh4 32. Rxh4 Rxh4 0-1


[Site "https://www.chess.com"]

[Event "Titled Tuesday Blitz August 16 Early 2022"]
[White "Bykhovsky, Anatoly"]
[Black "Timofeev, Artyom"]
[WhiteFideId "2806991"]
[BlackFideId "4140419"]
[WhiteElo "2540"]
[BlackElo "2578"]
[Result "0-1"]
[Round "10"]
[TimeControl "180+1"]
[Date "2022.08.16"]
[WhiteClock "0:00:12"]
[BlackClock "0:00:23"]

1. d4 Nf6 2. Nf3 g6 3. c4 Bg7 4. Nc3 d5 5. Bg5 e6 6. e3 O-O 7. Rc1 c6 8. b4 Nbd7 9. Qb3 h6 10. Bh4 a5 11. b5 a4 12. Qb4 Re8 13. Be2 Bf8 14. Qb1 Qa5 15. O-O Bb4 16. Qc2 Bxc3 17. Qxc3 Qxc3 18. Rxc3 Ne4 19. Rc2 c5 20. cxd5 exd5 21. dxc5 Ndxc5 22. Nd4 b6 23. Rfc1 Bd7 24. g4 a3 25. f3 Nd6 26. Bg3 Nc4 27. e4 Ra4 28. Bxc4 dxc4 29. Rxc4 Rxc4 30. Rxc4 Rc8 31. Bd6 g5 32. Rc3 Ne6 33. Rxc8+ Bxc8 34. Nc6 Bd7 35. Bxa3 Nc7 36. Ne7+ Kh7 37. Bd6 Nxb5 38. Be5 Na3 39. Nd5 Be6 40. Nxb6 Bxa2 41. Nd5 Nc4 42. Bd4 Nd6 43. Nf6+ Kg6 44. Ne8 Nxe8 0-1


[Site "https://www.chess.com"]

[Event "Titled Tuesday Blitz August 16 Early 2022"]
[White "Cannon, David"]
[Black "Malyi, Viacheslav"]
[WhiteFideId "3213110"]
[BlackFideId "14123983"]
[WhiteElo "1901"]
[BlackElo "2190"]
[Result "0-1"]
[Round "10"]
[TimeControl "180+2"]
[Date "2022.08.18"]
[WhiteClock "0:00:00"]
[BlackClock "0:00:00"]

1. d4 Nf6 2. c4 e6 3. Nf3 d5 4. g3 Be7 5. Bg2 O-O 6. O-O dxc4 7. Qc2 a6 8. Qxc4 b5 9. Qc2 Bb7 10. Bd2 Nbd7 11. Ba5 Ra7 12. Bxc7 Qa8 13. Nbd2 Rc8 14. Rac1 Bd8 0-1


[Site "https://www.chess.com"]

[Event "Titled Tuesday Blitz August 16 Early 2022"]
[White "Costachi, Mihnea"]
[Black "Wagner, Dennis"]
[WhiteFideId "1217518"]
[BlackFideId "24650684"]
[WhiteElo "2437"]
[BlackElo "2355"]
[Result "0-1"]
[Round "10"]
[TimeControl "180+1"]
[Date "2022.08.16"]
[WhiteClock "0:00:12"]
[BlackClock "0:00:08"]

1. d4 Nf6 2. Bg5 d5 3. e3 c5 4. c3 Nc6 5. Nd2 cxd4 6. exd4 h6 7. Bf4 Bf5 8. Ngf3 e6 9. Qb3 Bd6 10. Qxb7 Bxf4 11. Qxc6+ Kf8 12. Be2 Rb8 13. Nb3 g5 14. O-O Kg7 15. Ne5 Rb6 16. Qa4 Qc7 17. Rfe1 h5 18. g3 Bxe5 19. dxe5 Ng4 20. Nd4 Bg6 21. Nf3 Rxb2 22. Qd4 Rc8 23. h3 Nh6 24. Rac1 Nf5 25. Qa4 Qc5 26. Kg2 Ne3+ 27. fxe3 Qxe3 28. Ng1 Be4+ 29. Kf1 Qxg3 30. Qxe4 dxe4 31. Rcd1 e3 32. Nf3 Qf2# 0-1


[Site "https://www.chess.com"]

[Event "Titled Tuesday Blitz August 16 Early 2022"]
[White "Demidov, Mikhail"]
[Black "Csonka, Balazs"]
[WhiteFideId "4197143"]
[BlackFideId "742910"]
[WhiteElo "2525"]
[BlackElo "2404"]
[Result "1/2-1/2"]
[Round "10"]
[TimeControl "180+1"]
[Date "2022.08.16"]
[WhiteClock "0:00:10"]
[BlackClock "0:00:09"]

1. Nf3 d5 2. g3 c6 3. Bg2 Bg4 4. Ne5 Bf5 5. d4 Nd7 6. O-O Nxe5 7. dxe5 e6 8. c4 Ne7 9. cxd5 cxd5 10. Nc3 Nc6 11. e4 dxe4 12. Nxe4 Qxd1 13. Rxd1 Nxe5 14. Bf4 Nc6 15. Rac1 Rd8 16. Rxd8+ Kxd8 17. Ng5 Bg6 18. Bxc6 bxc6 19. Rxc6 h6 20. Nf3 Be4 21. Rc3 Bb4 22. Rb3 Bxf3 23. Rxf3 Ke7 24. Rb3 Bc5 25. Be5 Rd8 26. Bxg7 Rd2 27. Rb7+ Ke8 28. b4 Bxf2+ 29. Kf1 h5 30. a4 Be3 31. h4 Rf2+ 32. Ke1 Rg2 33. Be5 Ra2 34. a5 Bf2+ 35. Kf1 Be3 36. Ke1 f5 37. Rh7 Bd2+ 38. Kf1 Bxb4 39. Rxh5 Rxa5 40. Rh8+ Kf7 41. Rh7+ Kg8 42. Rg7+ Kf8 43. Bf6 Ra2 44. Rb7 Bd2 45. Bd4 a5 46. Bc5+ Kg8 47. Re7 a4 48. Rxe6 a3 49. Ra6 Bc1 50. h5 Ra1 51. Kg2 Bb2 52. Ra8+ Kf7 53. Ra7+ Kg8 54. Be3 a2 55. Bf4 Kh8 56. h6 Kg8 57. Kh2 Kh8 58. Bd6 Bd4 59. Ra4 Bc3 60. Ra7 Rd1 61. Ra8+ Kh7 62. Ra7+ Kxh6 63. Bf4+ Kg6 64. Ra6+ Bf6 65. Rxa2 Rd7 66. Ra6 Kf7 67. Kh3 Re7 68. Ra5 Kg6 69. Kg2 Rf7 70. Ra6 Re7 71. Kf3 Kf7 72. Be3 Re6 73. Ra7+ Kg6 74. Ra5 Re5 75. Ra6 Kf7 76. Bd4 Re6 77. Ra7+ Kg6 78. Be3 Bg5 79. Bf2 Bf6 80. Ra8 Kf7 81. Ra5 Kg6 82. Be3 Bg5 83. Bd4 Bf6 84. Bf2 Bd8 85. Rb5 Bf6 86. Be3 Be7 87. Bf4 Bf6 88. g4 fxg4+ 89. Kxg4 Bg7 90. Rg5+ Kf7 91. Rf5+ Bf6 92. Bg5 Kg6 93. Rxf6+ Rxf6 94. Bxf6 1/2-1/2


[Site "https://www.chess.com"]

[Event "Titled Tuesday Blitz August 16 Early 2022"]
[White "Demin, Vladimir"]
[Black "Guz, Ari"]
[WhiteFideId "4167457"]
[BlackFideId "2825759"]
[WhiteElo "2492"]
[BlackElo "1913"]
[Result "1-0"]
[Round "10"]
[TimeControl "180+1"]
[Date "2022.08.16"]
[WhiteClock "0:01:45"]
[BlackClock "0:01:41"]

1. d4 Nf6 2. Nc3 d5 3. Bf4 a6 4. e3 e6 5. g4 Bd6 6. g5 Nfd7 7. h4 Bxf4 8. exf4 c5 9. Nf3 cxd4 10. Nxd4 Nc6 11. h5 Qb6 12. Nxc6 bxc6 13. Qd2 Bb7 14. Bg2 O-O-O 15. O-O-O c5 16. f5 Ne5 17. Qf4 Nc4 18. b3 e5 19. Qg4 Qb4 20. bxc4 Qxc3 21. Rd3 Qa1+ 22. Kd2 Qxa2 23. f6+ Kb8 24. fxg7 Rhg8 25. Qf5 dxc4 26. Qxe5+ Ka8 27. Bxb7+ Kxb7 28. Qe7+ Kc8 29. Rxd8+ Rxd8+ 30. Qxd8+ 1-0


[Site "https://www.chess.com"]

[Event "Titled Tuesday Blitz August 16 Early 2022"]
[White "Estrada Nieto, Julian"]
[Black "Jiganchine, Roman"]
[WhiteFideId "5101018"]
[BlackFideId "2603667"]
[WhiteElo "2252"]
[BlackElo "2205"]
[Result "1-0"]
[Round "10"]
[TimeControl "180+2"]
[Date "2022.08.18"]
[WhiteClock "0:00:00"]
[BlackClock "0:00:00"]

1. e4 c6 2. d4 d5 3. exd5 cxd5 4. Bd3 Nc6 5. c3 Nf6 6. Bf4 Bg4 7. Qb3 Qc8 8. Nd2 e6 9. Ngf3 Be7 10. O-O O-O 11. Ne5 Nxe5 12. Bxe5 Bh5 13. Rfe1 Bg6 14. Bxg6 hxg6 15. Bxf6 Bxf6 16. Nf3 Qc6 17. h4 Rac8 18. g3 b5 19. a4 a6 20. axb5 Qxb5 21. Qc2 Rb8 22. Ra2 a5 23. Rea1 Rfc8 24. Kg2 Rc4 25. Qe2 a4 26. Ne1 Qc6 27. Nd3 Rb3 28. Qd1 Qb5 29. Qe2 Kh7 30. Nc1 Bxd4 31. cxd4 Rxd4 32. Qxb5 Rxb5 33. Rxa4 Rxa4 34. Rxa4 Rxb2 35. Nd3 Rd2 36. Ne5 f6 37. Nf3 Rc2 38. Ra7 e5 39. Rd7 d4 40. g4 Rc3 41. h5 gxh5 42. gxh5 Kh6 43. Nd2 Rc2 44. Ne4 Re2 45. Ng3 Re1 46. Kf3 Ra1 47. Kg4 Rg1 48. Rd8 Rg2 49. Rh8# 1-0


[Site "https://www.chess.com"]

[Event "Titled Tuesday Blitz August 16 Early 2022"]
[White "Fawzy, Adham"]
[Black "Zhigalko, Sergei"]
[WhiteFideId "10613129"]
[BlackFideId "13502956"]
[WhiteElo "2541"]
[BlackElo "2662"]
[Result "1/2-1/2"]
[Round "10"]
[TimeControl "180+1"]
[Date "2022.08.16"]
[WhiteClock "0:00:11"]
[BlackClock "0:00:05"]

1. e4 c5 2. c4 Nc6 3. Nc3 g6 4. g3 Bg7 5. Bg2 a6 6. Nge2 Rb8 7. a4 e6 8. O-O Nge7 9. d3 d6 10. Be3 Nd4 11. Rb1 Nec6 12. Qd2 Nb3 13. Qd1 Nbd4 14. Qd2 O-O 15. Bh6 Qf6 16. Bxg7 Qxg7 17. Nxd4 Nxd4 18. b4 Bd7 19. a5 Rfd8 20. Ne2 Nc6 21. b5 Nb4 22. b6 Nc6 23. Rfd1 Rbc8 24. Rbc1 Nd4 25. Nxd4 cxd4 26. Qb4 Rc5 27. e5 Qxe5 28. Bxb7 Rxa5 29. Ra1 Rxa1 30. Rxa1 Rb8 31. Bf3 d5 32. cxd5 exd5 33. Qc5 Qf6 34. Bg2 Qxb6 35. Qxb6 Rxb6 36. Bxd5 Be6 37. Bxe6 Rxe6 38. Ra4 Rd6 39. Kg2 f5 40. Kf3 Kf7 41. h4 Kf6 42. Kf4 h6 43. Ra5 g5+ 44. Kf3 Ke6 45. hxg5 hxg5 46. g4 fxg4+ 47. Kxg4 Rb6 48. Rxg5 Rb3 49. Kf4 Rxd3 50. Ke4 Rd2 51. Ra5 Rxf2 52. Rxa6+ Kf7 53. Kxd4 Rf6 54. Rxf6+ Kxf6 1/2-1/2


[Site "https://www.chess.com"]

[Event "Titled Tuesday Blitz August 16 Early 2022"]
[White "Fernandez Hernandez, Gerardo"]
[Black "Ciuffoletti, Paolo"]
[WhiteFideId "2207400"]
[BlackFideId "807630"]
[WhiteElo "2169"]
[BlackElo "2143"]
[Result "1-0"]
[Round "10"]
[TimeControl "180+2"]
[Date "2022.08.18"]
[WhiteClock "0:00:00"]
[BlackClock "0:00:00"]

1. e4 c5 2. d3 Nc6 3. g3 g6 4. Bg2 Bg7 5. f4 d6 6. Nf3 e6 7. O-O Nge7 8. c3 Rb8 9. Be3 b5 10. d4 cxd4 11. cxd4 d5 12. e5 O-O 13. Nc3 Na5 14. b3 Ba6 15. Re1 Rc8 16. Rc1 Qb6 17. Qd2 Rc7 18. Ne2 Rfc8 19. g4 b4 20. Ng3 Rc3 21. Bf1 Bxf1 22. Rxf1 R8c6 23. Ne2 Rxc1 24. Rxc1 Qc7 25. Ng3 Rxc1+ 26. Qxc1 Nec6 27. Qc2 Qb6 28. Kg2 Qb5 29. f5 gxf5 30. gxf5 Nb7 31. f6 Bf8 32. Ng5 Bh6 33. Qxh7+ Kf8 34. Qxf7# 1-0


[Site "https://www.chess.com"]

[Event "Titled Tuesday Blitz August 16 Early 2022"]
[White "Fernandez Siles, Luis"]
[Black "Manukian, Artak"]
[WhiteFideId "2209420"]
[BlackFideId "13301373"]
[WhiteElo "2211"]
[BlackElo "2196"]
[Result "0-1"]
[Round "10"]
[TimeControl "180+2"]
[Date "2022.08.18"]
[WhiteClock "0:00:00"]
[BlackClock "0:00:00"]

1. e4 c6 2. d4 d5 3. exd5 cxd5 4. c4 Nf6 5. Nc3 g6 6. cxd5 Bg7 7. Bb5+ Nbd7 8. d6 exd6 9. Qe2+ Kf8 10. Nf3 Nb6 11. Bg5 h6 12. Bh4 Bf5 13. O-O a6 14. Bd3 Bxd3 15. Qxd3 Qd7 16. Rfe1 Kg8 17. a4 Nbd5 18. Bxf6 Nxf6 19. Re2 Kh7 20. Rae1 Rhe8 21. h3 Rxe2 22. Rxe2 Rb8 23. Qc4 b5 24. axb5 axb5 25. Qb3 b4 26. Nd5 Qb7 27. Nf4 g5 28. Nd3 Nd5 29. h4 g4 30. Nh2 f5 31. Nf1 Bf6 32. Ng3 Kg6 33. h5+ Kg5 34. Qd1 Kh4 35. Nxf5+ Kg5 36. Ng3 Kh4 37. Qd2 Bg5 38. Nf5+ Kxh5 39. Ng3+ Kg6 40. Re6+ Kf7 41. Qe2 Qd7 42. Re4 Nf6 43. d5 Nxe4 44. Nxe4 Re8 45. f3 gxf3 46. Qxf3+ Kg7 47. Ndf2 Qf7 48. Qg4 Qf4 49. Qd7+ Re7 50. Qxd6 Qxd6 51. Nxd6 Re2 52. Nde4 Be3 53. Kf1 Rxb2 54. d6 Bxf2 55. d7 Bh4 56. Ng3 Bd8 57. Nf5+ Kf6 58. Nd6 Ke7 59. Nc4 Rc2 60. Ne3 b3 61. Ke1 Rc3 62. Nd5+ Kxd7 63. Nxc3 b2 64. Kd1 Bf6 65. Nb1 Ke6 66. Kd2 Kf5 67. Ke3 Ke5 68. g4 Kd5 69. Kd3 Ke5 70. Ke3 Bg5+ 71. Kf3 Bc1 72. Kg3 Ke4 73. Kh4 Kd3 74. Kh5 Kc2 75. Na3+ Kb3 76. Nb1 Be3 77. Kg6 Ka2 78. Nc3+ Ka1 79. Kf5 Bd2 80. Ne4 b1=Q 0-1


[Site "https://www.chess.com"]

[Event "Titled Tuesday Blitz August 16 Early 2022"]
[White "Ferriz Barrios, Andres"]
[Black "Delorme, Axel"]
[WhiteFideId "5104467"]
[BlackFideId "632023"]
[WhiteElo "2102"]
[BlackElo "2474"]
[Result "0-1"]
[Round "10"]
[TimeControl "180+2"]
[Date "2022.08.18"]
[WhiteClock "0:00:00"]
[BlackClock "0:00:00"]

1. d4 Nf6 2. Nf3 e6 3. e3 b6 4. Nbd2 Bb7 5. Bd3 c5 6. c3 Be7 7. O-O O-O 8. Qe2 d6 9. Re1 Nc6 10. dxc5 dxc5 11. e4 Qd7 12. Nf1 Rfd8 13. Rd1 c4 14. Bc2 Qc7 15. Bg5 b5 16. Ng3 Ne5 17. Nxe5 Qxe5 18. f4 Qc5+ 19. Kh1 h6 20. Rac1 hxg5 21. e5 Nd5 22. Qh5 f5 23. Nxf5 Nxf4 24. Nxe7+ Qxe7 25. Qh7+ Kf8 26. Bg6 Bxg2+ 27. Kg1 Qc5+ 28. Rd4 Nxg6 29. Qxg6 Rxd4 30. cxd4 Qd5 31. Qxg5 Be4 32. Rf1+ Bf5 33. Rf4 c3 34. Rh4 cxb2 35. Rh8+ Kf7 36. Qh5+ Ke7 37. Qg5+ Kd7 38. Qxg7+ Kc6 39. Rxa8 b1=Q+ 40. Kf2 Qxd4+ 41. Ke2 Qc2+ 42. Kf3 Qcc3+ 43. Kg2 Qdd2+ 44. Kh1 Qcc1+ 45. Qg1 Be4# 0-1


[Site "https://www.chess.com"]

[Event "Titled Tuesday Blitz August 16 Early 2022"]
[White "Fiorito, Joaquin"]
[Black "Zenin, Dmitry"]
[WhiteFideId "180173"]
[BlackFideId "4127897"]
[WhiteElo "1758"]
[BlackElo "2215"]
[Result "0-1"]
[Round "10"]
[TimeControl "180+2"]
[Date "2022.08.18"]
[WhiteClock "0:00:00"]
[BlackClock "0:00:00"]

1. e4 g6 2. d4 Bg7 3. Nc3 d6 4. f4 a6 5. Nf3 b5 6. Bd3 Nd7 7. O-O c5 8. Be3 cxd4 9. Nxd4 Bb7 10. Nb3 Ngf6 11. Kh1 b4 12. Nd5 Bxd5 13. exd5 Nxd5 14. Bc1 N5f6 15. Re1 O-O 16. Qf3 a5 17. Nd4 e6 18. Bd2 Nc5 19. Bc4 d5 20. Bd3 Nfe4 21. Be3 Rc8 22. a3 b3 23. Nxb3 Nxb3 24. cxb3 Bxb2 25. Rab1 Bc3 26. Red1 Nc5 27. Bb5 Bg7 28. b4 axb4 29. axb4 Ne4 30. Ba6 Ra8 31. b5 Nc3 32. Bc5 Re8 33. h3 Nxb1 34. Rxb1 Qa5 35. Qb3 Rxa6 36. bxa6 Qxa6 37. Bf2 h5 38. g4 hxg4 39. hxg4 Qe2 40. Rg1 Qxf2 41. Qh3 Qxf4 42. Rf1 Qe4+ 43. Kg1 Bd4+ 44. Kh2 Kg7 45. Kg3 Rh8 46. Qg2 Be5+ 47. Kf2 Rh2 48. Qxh2 Bxh2 49. Rh1 Be5 50. g5 Bd4+ 51. Kg3 Qxh1 52. Kg4 Qg2+ 53. Kh4 Bf2# 0-1


[Site "https://www.chess.com"]

[Event "Titled Tuesday Blitz August 16 Early 2022"]
[White "Floresvillar Gonzalez, Luis Migu"]
[Black "Novikova, Galina"]
[WhiteFideId "5100542"]
[BlackFideId "4157095"]
[WhiteElo "2040"]
[BlackElo "1923"]
[Result "0-1"]
[Round "10"]
[TimeControl "180+2"]
[Date "2022.08.18"]
[WhiteClock "0:00:00"]
[BlackClock "0:00:00"]

1. d4 Nf6 2. c3 c5 3. Bg5 Ne4 4. h4 cxd4 5. cxd4 Nxg5 6. hxg5 Nc6 7. d5 Qa5+ 8. Nc3 Ne5 9. e3 d6 10. f4 Ng6 11. Bb5+ Bd7 12. Bxd7+ Kxd7 13. Qg4+ Ke8 14. Nf3 Qb6 15. Nd1 Qb5 16. Kf2 Qxd5 17. Nc3 Qa5 18. Rad1 e6 19. Nd4 h5 20. gxh6 Rxh6 21. Rxh6 gxh6 22. Nxe6 fxe6 23. Qxg6+ Kd7 24. Qh7+ Be7 25. Qxh6 Qf5 26. Qh3 Qg6 27. Qf3 Rb8 28. Ne4 d5 29. Nc5+ Bxc5 30. Rc1 Bd6 31. f5 Qxf5 32. Qxf5 exf5 33. Kf3 Rc8 34. Rxc8 Kxc8 0-1


[Site "https://www.chess.com"]

[Event "Titled Tuesday Blitz August 16 Early 2022"]
[White "Gabdrakhmanov, Azat"]
[Black "Adewumi, Tanitoluwa"]
[WhiteFideId "34189197"]
[BlackFideId "30966396"]
[WhiteElo "2293"]
[BlackElo "2302"]
[Result "0-1"]
[Round "10"]
[TimeControl "180+2"]
[Date "2022.08.18"]
[WhiteClock "0:00:00"]
[BlackClock "0:00:00"]

1. e4 c5 2. Nf3 e6 3. d4 cxd4 4. Nxd4 Nc6 5. Nc3 Qc7 6. Be3 a6 7. Qd2 Nf6 8. f3 Be7 9. g4 d6 10. g5 Nd7 11. O-O-O b5 12. h4 Bb7 13. h5 Nde5 14. f4 Nc4 15. Bxc4 bxc4 16. g6 Nxd4 17. Bxd4 f6 18. gxh7 Rxh7 19. Qg2 O-O-O 20. Qg4 Qd7 21. Qe2 Qc6 22. Kb1 Rdh8 23. Rh3 Kb8 24. a3 Qc8 25. Bf2 g6 26. Qe3 Rxh5 27. Qa7+ Kc7 28. Qb6+ Kd7 29. Rg3 Qc6 30. Qe3 g5 31. f5 Rh4 32. fxe6+ Kxe6 33. Rf3 Rxe4 34. Nxe4 Qxe4 35. Qc3 Qxf3 36. Re1+ Kf7 37. Qxc4+ Bd5 38. Qc7 Re8 39. Bd4 Qg3 40. Bc3 Be6 41. Rf1 f5 42. Qb6 Qg2 43. Rg1 Qe4 44. Re1 Qc4 45. Qe3 f4 46. Qf3 Bf5 47. Qh5+ Bg6 48. Qh3 Bf6 49. Rxe8 Qf1+ 50. Qxf1 Bxc3 51. bxc3 Kxe8 52. Qxa6 Kf7 53. Qb5 Kf6 54. Qd5 g4 55. Qxd6+ Kg5 56. Qe5+ Bf5 57. Qg7+ Kh4 58. a4 f3 59. Qh6+ Kg3 60. Qd6+ Kg2 61. Qf4 f2 62. Qxf5 f1=Q+ 63. Qxf1+ Kxf1 64. a5 g3 65. a6 g2 66. a7 g1=Q 67. a8=Q Ke2+ 68. Ka2 Qc1 69. Qe8+ Kd2 70. Kb3 Qxc2+ 71. Kb4 Qxc3+ 72. Kb5 Qb3+ 73. Kc6 Qa4+ 74. Kd6 Qxe8 0-1


[Site "https://www.chess.com"]

[Event "Titled Tuesday Blitz August 16 Early 2022"]
[White "Gheorghiu, Calin"]
[Black "Aldokhin, Ivan"]
[WhiteFideId "1200305"]
[BlackFideId "24115720"]
[WhiteElo "2168"]
[BlackElo "2246"]
[Result "1-0"]
[Round "10"]
[TimeControl "180+2"]
[Date "2022.08.18"]
[WhiteClock "0:00:00"]
[BlackClock "0:00:00"]

1. d4 Nf6 2. Nc3 g6 3. e4 d6 4. f4 Bg7 5. Nf3 c6 6. Bd3 Bg4 7. h3 Bxf3 8. Qxf3 e5 9. Be3 O-O 10. O-O-O Nbd7 11. g4 b5 12. g5 Nh5 13. dxe5 dxe5 14. f5 Re8 15. Rhf1 Nf4 16. Bxf4 exf4 17. f6 Ne5 18. Qxf4 Bf8 19. h4 Qa5 20. Kb1 b4 21. Ne2 c5 22. Nc1 c4 23. Be2 Rac8 24. h5 b3 25. axb3 c3 26. hxg6 Nxg6 27. Qh2 cxb2 28. Na2 Rxc2 29. Rh1 h6 30. gxh6 Rxe4 31. h7+ Kh8 32. Rhe1 Bb4 33. Nxb4 Qa1+ 34. Kxc2 b1=Q+ 35. Rxb1 Qd4 36. Qb8+ Kxh7 37. Rh1+ Nh4 38. Bd3 Qf2+ 39. Kc3 Qd4+ 40. Kc2 Qf2+ 41. Kc1 Qe3+ 42. Kb2 Qd4+ 43. Ka2 Qf2+ 44. Rb2 Qd4 45. Bxe4+ Qxe4 46. Rxh4+ Qxh4 47. Rh2 1-0


[Site "https://www.chess.com"]

[Event "Titled Tuesday Blitz August 16 Early 2022"]
[White "Ginzburg, Yakov"]
[Black "Gubanov, Oleg"]
[WhiteFideId "4157176"]
[BlackFideId "14115115"]
[WhiteElo "2265"]
[BlackElo "2080"]
[Result "1-0"]
[Round "10"]
[TimeControl "180+2"]
[Date "2022.08.18"]
[WhiteClock "0:00:00"]
[BlackClock "0:00:00"]

1. e4 Nf6 2. e5 Nd5 3. c4 Nb6 4. c5 Nd5 5. Nc3 c6 6. d4 b6 7. Nxd5 cxd5 8. cxb6 axb6 9. Nf3 Ba6 10. Bxa6 Rxa6 11. O-O e6 12. Bg5 Be7 13. h4 Nc6 14. a3 h6 15. Bxe7 Qxe7 16. Qd3 Ra7 17. h5 O-O 18. Rfe1 Na5 19. b3 Rc8 20. Rec1 Rxc1+ 21. Rxc1 Qxa3 22. Rc8+ Qf8 23. Rxf8+ Kxf8 24. Qh7 Nxb3 25. Qh8+ Ke7 26. Qxg7 b5 27. Qxh6 b4 28. Qf6+ Ke8 29. h6 1-0


[Site "https://www.chess.com"]

[Event "Titled Tuesday Blitz August 16 Early 2022"]
[White "Girinath, P.D.S."]
[Black "Khabinets, Ivan"]
[WhiteFideId "5000572"]
[BlackFideId "14115980"]
[WhiteElo "2369"]
[BlackElo "2114"]
[Result "1-0"]
[Round "10"]
[TimeControl "180+2"]
[Date "2022.08.18"]
[WhiteClock "0:00:00"]
[BlackClock "0:00:00"]

1. e4 c5 2. Nf3 Nc6 3. Bb5 Nf6 4. e5 Ng4 5. Qe2 Qc7 6. Bxc6 dxc6 7. h3 Nh6 8. g4 g6 9. d3 Bg7 10. Bf4 Be6 11. Nc3 O-O 12. Qe3 Bxg4 13. hxg4 Nxg4 14. Qxc5 Qd7 15. Qc4 b5 16. Qe4 f5 17. Qe2 b4 18. Na4 Qd5 19. c4 bxc3 20. Nxc3 Qa5 21. d4 Rab8 22. O-O-O Rb4 23. a3 Rb7 24. Qc4+ Kh8 25. Rxh7+ Kxh7 26. Ng5+ Kh8 27. Nf7+ Rxf7 28. Qxf7 Qb6 29. Rh1+ Nh6 30. Na4 Qb3 31. Qxb3 Rxb3 32. Bxh6 Bxh6+ 33. Rxh6+ Kg7 34. Rh2 Rd3 35. Nc5 Rxd4 36. Ne6+ 1-0


[Site "https://www.chess.com"]

[Event "Titled Tuesday Blitz August 16 Early 2022"]
[White "Goltseva, Ekaterina"]
[Black "Mikhalsky, Vladimir"]
[WhiteFideId "24173770"]
[BlackFideId "14144352"]
[WhiteElo "2086"]
[BlackElo "2301"]
[Result "1-0"]
[Round "10"]
[TimeControl "180+2"]
[Date "2022.08.18"]
[WhiteClock "0:00:00"]
[BlackClock "0:00:00"]

1. d4 Nf6 2. c4 g6 3. Nc3 Bg7 4. e4 O-O 5. Nge2 d6 6. Ng3 e5 7. d5 h5 8. Bg5 Qe8 9. h4 Nh7 10. Bd2 Na6 11. Be2 Bf6 12. Nf1 Qe7 13. g4 hxg4 14. h5 Bg5 15. Bxg4 Nc5 16. Bxc8 Raxc8 17. Be3 a6 18. b4 Nd7 19. Qg4 f5 20. Qg2 f4 21. hxg6 fxe3 22. gxh7+ Kh8 23. Nxe3 Bxe3 24. fxe3 Nb6 25. Qe2 Qf7 26. c5 dxc5 27. bxc5 Nd7 28. Na4 Qe7 29. Rc1 b5 30. c6 bxa4 31. cxd7 Qxd7 32. Qh5 Qe7 33. Ke2 Rce8 34. Rcg1 Qf7 35. Rg8+ 1-0


[Site "https://www.chess.com"]

[Event "Titled Tuesday Blitz August 16 Early 2022"]
[White "Gonzalez Vega, Alejandro"]
[Black "Wan, Joseph"]
[WhiteFideId "3510042"]
[BlackFideId "2069890"]
[WhiteElo "2092"]
[BlackElo "2198"]
[Result "0-1"]
[Round "10"]
[TimeControl "180+2"]
[Date "2022.08.18"]
[WhiteClock "0:00:00"]
[BlackClock "0:00:00"]

1. e4 g6 2. d4 Bg7 3. Nc3 d6 4. h4 h5 5. Be2 a6 6. Be3 b5 7. a3 Nd7 8. Qd2 Bb7 9. f3 Rc8 10. Nh3 c5 11. Ng5 Ngf6 12. Rd1 cxd4 13. Bxd4 O-O 14. O-O Nb6 15. Rfe1 Nc4 16. Bxc4 Rxc4 17. Be3 Nd7 18. Qf2 Ne5 19. Bd4 Qc8 20. Rd2 Qd7 21. b3 Rc7 22. Nd5 Bxd5 23. exd5 Rfc8 24. Ree2 a5 25. Ne4 a4 26. Kh2 Qf5 27. Ng5 Qf4+ 28. Qg3 Qf5 29. Ne4 Ra8 30. Nc3 axb3 31. cxb3 Bh6 32. Nxb5 Bf4 33. Nxc7 Bxg3+ 34. Kxg3 Rxa3 35. Kf2 Rxb3 36. Ne8 Nxf3 37. gxf3 Rxf3+ 38. Kg1 Rf1+ 39. Kg2 Qf3+ 40. Kh2 Rh1# 0-1


[Site "https://www.chess.com"]

[Event "Titled Tuesday Blitz August 16 Early 2022"]
[White "Grandelius, Nils"]
[Black "Shimanov, Aleksandr"]
[WhiteFideId "1710400"]
[BlackFideId "4198603"]
[WhiteElo "2617"]
[BlackElo "2605"]
[Result "1/2-1/2"]
[Round "10"]
[TimeControl "180+1"]
[Date "2022.08.16"]
[WhiteClock "0:00:11"]
[BlackClock "0:00:04"]

1. Nf3 Nf6 2. g3 g6 3. Bg2 Bg7 4. O-O O-O 5. d4 d6 6. Re1 Nc6 7. d5 Nb8 8. e4 Bg4 9. Nbd2 e5 10. c4 a5 11. h3 Bd7 12. c5 Na6 13. cxd6 cxd6 14. Nc4 b5 15. Nxd6 Qb6 16. Nxf7 Rxf7 17. Nxe5 Re7 18. Nd3 Nxe4 19. Bxe4 Rae8 20. Be3 Qf6 21. Bg2 Bf5 22. Rc1 Bxd3 23. Qxd3 Qxb2 24. d6 Rd7 25. Bc6 Nb4 26. Qxb5 Nxc6 27. Qxc6 Red8 28. Bg5 Bd4 29. Rc2 Qb4 30. Rd1 Rxd6 31. Qc4+ Qxc4 32. Rxc4 Bxf2+ 33. Kxf2 Rxd1 34. Bxd8 Rxd8 35. a4 Rd2+ 36. Kf3 Ra2 37. h4 Ra3+ 38. Kf4 Kf7 39. Rc7+ Kf6 40. Rc6+ Kf7 41. Rc7+ Kf6 42. Rxh7 Rxa4+ 43. Kf3 Ra3+ 44. Kg4 Ra4+ 45. Kh3 Ra1 46. Ra7 a4 47. Kg4 Rb1 48. Rxa4 Rb5 49. Ra6+ Kg7 50. Re6 Rb4+ 51. Kg5 Rb5+ 52. Kf4 Rf5+ 53. Kg4 Rf1 54. Re4 Kh6 55. Rf4 Ra1 56. Rf6 Ra4+ 57. Kh3 Kg7 58. Rb6 Rc4 59. Re6 Rb4 60. g4 Rb3+ 61. Kg2 Ra3 62. Kf2 Rh3 63. h5 gxh5 64. gxh5 Rxh5 65. Re3 Rg5 66. Rf3 Kg6 67. Rg3 Rxg3 68. Kxg3 1/2-1/2


[Site "https://www.chess.com"]

[Event "Titled Tuesday Blitz August 16 Early 2022"]
[White "Gubajdullin, Alexei"]
[Black "Harshavardhan G B"]
[WhiteFideId "4141202"]
[BlackFideId "25059009"]
[WhiteElo "2214"]
[BlackElo "1890"]
[Result "0-1"]
[Round "10"]
[TimeControl "180+1"]
[Date "2022.08.16"]
[WhiteClock "0:00:06"]
[BlackClock "0:00:48"]

1. Nf3 d5 2. g3 Nf6 3. Bg2 c6 4. c4 Bf5 5. Qb3 Qb6 6. cxd5 cxd5 7. Qxb6 axb6 8. Nc3 e6 9. Nb5 Ra5 10. Nbd4 Bg6 11. b3 Nc6 12. Bb2 Bd6 13. a3 Ke7 14. b4 Ra4 15. Nb5 Rha8 16. Nxd6 Kxd6 17. Rc1 Nd7 18. d3 Na7 19. Nd4 e5 20. Nc2 Nb5 21. f4 f6 22. fxe5+ fxe5 23. Rf1 Nf6 24. Kd2 Rc8 25. Ra1 Ng4 26. h3 Nf6 27. Ne3 Rca8 28. g4 h6 29. Rxf6+ gxf6 30. Nxd5 R8a6 31. Rf1 f5 32. gxf5 Bf7 33. Nc3 Nxc3 34. Kxc3 Ra8 35. Bxb7 Rg8 36. Be4 Ra7 37. Kd2 Rc7 38. Re1 Rg3 39. h4 Rg4 40. Rh1 Bd5 41. Bxd5 Kxd5 42. e4+ Kd6 43. Ke3 Rc2 44. Ba1 Rg3# 0-1


[Site "https://www.chess.com"]

[Event "Titled Tuesday Blitz August 16 Early 2022"]
[White "Hansen, Eric"]
[Black "Sarana, Alexey"]
[WhiteFideId "2606771"]
[BlackFideId "24133795"]
[WhiteElo "2568"]
[BlackElo "2666"]
[Result "1-0"]
[Round "10"]
[TimeControl "180+1"]
[Date "2022.08.16"]
[WhiteClock "0:00:07"]
[BlackClock "0:00:02"]

1. e4 c5 2. Nf3 d6 3. Bb5+ Bd7 4. Bxd7+ Nxd7 5. O-O e6 6. Re1 Be7 7. c3 Ngf6 8. d4 O-O 9. h3 Rc8 10. Bf4 Qb6 11. Re2 Rfd8 12. d5 e5 13. Bc1 c4 14. Na3 Qa6 15. Nd2 Nc5 16. Qf1 b5 17. Nc2 Nd3 18. Nb4 Qb7 19. Nxd3 cxd3 20. Re3 b4 21. c4 Nd7 22. Rxd3 a5 23. b3 Nc5 24. Rg3 Rf8 25. Qe2 g6 26. Nf3 f5 27. exf5 Rxf5 28. Bg5 e4 29. Re1 Re8 30. Qc2 exf3 31. Rxe7 Rxe7 32. Bxe7 Qd7 33. Bxd6 Nb7 34. Bb8 fxg2 35. Qe4 Nc5 36. Qe3 Na6 37. Ba7 a4 38. Bd4 Nc7 39. Qe4 Ne8 40. Re3 Nd6 41. Qe6+ Qxe6 42. Rxe6 Nf7 43. Re8# 1-0


[Site "https://www.chess.com"]